 Dungeon Crawl Stone Soup version 0.24-a0-736-g4e6fe308c7 (webtiles) character file.

Game seed: 12249415762002608099, levelgen mode: deterministic

92616 Kairok the Unseen (level 16, -3/85 HPs)
             Began as a Vine Stalker Assassin on Oct 1, 2019.
             Was the Champion of Okawaru.
             Slain by a death yak (7 damage)
             ... led by Polyphemus
             ... while petrified by you
             ... on level 4 of the Shoals on Oct 2, 2019.
             The game lasted 01:12:14 (18930 turns).

Kairok the Unseen (Vine Stalker Assassin)          Turns: 18930, Time: 01:12:16

Health: -3/85      AC: 16    Str: 14    XL:     16   Next: 6%
Magic:  0/19       EV:  2    Int: 11    God:    Okawaru [******]
Gold:   1497       SH:  0    Dex: 31    Spells: 15/15 levels left

rFire    . . .     SeeInvis +   J - +9 quick blade (flame)
rCold    . . .     Gourm    .   T - +0 large shield
rNeg     + + +     Faith    +   l - +2 troll leather armour {Purgy}
rPois    ∞         Spirit   +   v - +0 helmet "Acywigud" {rPois Dex+2}
rElec    .         Reflect  .   c - +0 cloak
rCorr    .         Harm     .   G - +2 pair of gloves
MR       ++...                  a - +0 pair of boots {Fly}
Stlth    +++++++++.             h - amulet of faith
HPRegen  1.44/turn              D - +6 ring of dexterity
MPRegen  0.16/turn              N - +3 ring of evasion

@: petrified, heroism, flying
A: fangs 3, hooves 1, repulsion field 1, see invisible, regeneration 2, wild
magic 1, magic shield, antimagic bite, no potion heal 3, rot immunity
a: Heroism, Finesse, Renounce Religion, Stop Flying


You were on level 4 of the Shoals.
You worshipped Okawaru.
Okawaru was exalted by your worship.
You were not hungry.

You visited 4 branches of the dungeon, and saw 22 of its levels.
You visited the Abyss 1 time.
You also visited: Sewer.

You collected 1915 gold pieces.
You spent 418 gold pieces at shops.

Inventory:

Hand Weapons
 j - a +0 rapier of holy wrath
 J - a +9 quick blade of flaming (weapon)
Missiles
 e - 9 curare-tipped darts (quivered)
 p - 7 atropa-tipped darts
 y - 7 throwing nets
 M - 10 silver javelins
 P - 6 boomerangs of dispersal
 U - 3 datura-tipped darts
Armour
 a - a +0 pair of boots of flying (worn)
 c - a +0 cloak (worn)
 l - a +2 troll leather armour (worn) {Purgy}
 v - the +0 helmet "Acywigud" (worn) {rPois Dex+2}
   (You bought it in a shop on level 9 of the Dungeon)

   It affects your dexterity (+2).
   It protects you from poison.
 B - +0 acid dragon scales
 E - the +1 leather armour of Democracy {rC- rN+ Regen+ Int+3}
   (You found it on level 8 of the Dungeon)

   It affects your intelligence (+3).
   It makes you vulnerable to cold.
   It protects you from negative energy.
   It increases your rate of regeneration.
 G - a +2 pair of gloves (worn)
 I - a scarf of resistance
 L - a +2 plate armour of fire resistance
 T - a +0 large shield (worn)
Jewellery
 b - the ring "Ishrischir" {MP+9 Int+3}
   (You found it on level 6 of the Lair of Beasts)

   [ring of magical power]

   It affects your intelligence (+3).
   It affects your magic capacity (+9).
 g - the ring "Uddustao" {rElec rC+ Str-2 Int+4 Stlth+}
   (You found it on level 5 of the Dungeon)

   [ring of intelligence]

   It affects your strength (-2).
   It affects your intelligence (+4).
   It protects you from cold.
   It insulates you from electricity.
   It makes you more stealthy.
 h - an amulet of faith (around neck)
 s - a +4 amulet of reflection
 u - the ring of Jokicuj {*Tele rF+++ rN+ Int-4}
   (You found it on level 4 of the Shoals)

   [ring of teleportation]

   It may teleport you next to monsters.
   It affects your intelligence (-4).
   It renders you almost immune to fire.
   It protects you from negative energy.
 D - a +6 ring of dexterity (left hand)
 N - a +3 ring of evasion (right hand)
Wands
 z - a wand of disintegration (21)
 H - a wand of paralysis (7)
 Q - a wand of flame (14)
 R - a wand of acid (8)
 Y - a wand of digging (6)
Scrolls
 d - a scroll of enchant weapon
 i - 3 scrolls of teleportation
 k - a scroll of blinking
 n - 9 scrolls of remove curse
 K - a scroll of holy word
 V - 2 scrolls of silence {unknown}
 Z - a scroll of vulnerability {unknown}
Potions
 m - 4 potions of magic
 o - a potion of resistance
 q - 2 potions of cancellation
 r - 12 potions of curing
 t - 7 potions of lignification
 w - 2 potions of brilliance {unknown}
 x - a potion of experience {unknown}
 A - 3 potions of agility
 C - 3 potions of mutation
 F - a potion of invisibility {unknown}
 O - 3 potions of might {unknown}
 S - 3 potions of haste {unknown}
 X - a potion of degeneration {unknown}
Miscellaneous
 W - a fan of gales
Comestibles
 f - 42 rations


   Skills:
 + Level 10.3(15.3) Fighting
 + Level 11.4(16.4) Short Blades
 + Level 2.7(7.7) Throwing
 + Level 6.1(11.1) Armour
 + Level 11.3(16.3) Dodging
 + Level 18.0(23.0) Stealth
 + Level 8.4(13.4) Shields
 + Level 3.4 Invocations
 + Level 1.4 Evocations


You had 15 spell levels left.
You didn't know any spells.
Your spell library contained the following spells:

 Spells                   Type           Power        Failure   Level  Hunger
 Corona                   Hex            #......      92%         1    ##.....
 Sandblast                Erth           #.....       92%         1    ##.....
 Corpse Rot               Necr           N/A          98%         2    ###....
 Ensorcelled Hibernation  Hex/Ice        #.....       98%         2    ###....
 Passwall                 Tmut/Erth      #.......     98%         2    ###....
 Sublimation of Blood     Necr           #.........   98%         2    ###....
 Confuse                  Hex            #.......     100%        3    ####...
 Dazzling Spray           Conj/Hex       #.....       100%        3    ####...
 Stone Arrow              Conj/Erth      #.....       100%        3    ####...
 Tukima's Dance           Hex            #.......     100%        3    ####...
 Petrify                  Tmut/Erth      #.......     100%        4    #####..
 Agony                    Necr           #.......     100%        5    ######.
 Bolt of Draining         Conj/Necr      #.........   100%        5    ######.
 Dispel Undead            Necr           #.......     100%        5    ######.
 Excruciating Wounds      Chrm/Necr      #.........   100%        5    ######.
 Lee's Rapid Deconstruct  Erth           #.........   100%        5    ######.


Dungeon Overview and Level Annotations

Branches:
Dungeon (11/15)            Temple (1/1) D:5            Lair (6/6) D:8
 Shoals (4/4) Lair:4       Spider (0/4) Lair:3        Slime (0/5) Lair:6
    Orc (0/2) D:9           Sewer (visited)

Altars:
Ashenzari
Elyvilon
Gozag
Kikubaaqudgha
Nemelex Xobeh
Okawaru
Qazlal
Ru
Sif Muna
Uskayaw
Vehumet
Wu Jian
Xom
Yredelemnul
Zin

Shops:
D:9 [   D:10 (

Annotations:
D:4 Kohma's ghost, amateur MiHu
D:6 3 runed translucent doors, Fingolfin's ghost, amateur DECj
D:7 exclusion: oklob plant
Shoals:4 2 runed translucent doors, Polyphemus; feelmyfire's ghost, adept DgTm


Innate Abilities, Weirdness & Mutations

You have razor-sharp teeth.
You heal very quickly.
When hurt, damage is shared between your health and your magic reserves.
Your bite disrupts and absorbs the magic of your enemies.
Potions cannot restore your health.
You are immune to rotting.
You have large cloven feet.
You are surrounded by a mild repulsion field. (EV +2)
You have supernaturally acute eyesight. (SInv)
Your spells are a little harder to cast, but a little more powerful.


Message History

The death yak gores you but does no damage.
The death yak gores you.
* * * LOW HITPOINT WARNING * * *
The death yak is engulfed in calcifying dust.
Polyphemus throws a large rock.
The large rock hits you!!
* * * LOW HITPOINT WARNING * * *
The catoblepas gores you but does no damage.
The death yak gores you!!
* * * LOW HITPOINT WARNING * * *
The death yak gores you.
* * * LOW HITPOINT WARNING * * *
The death yak is engulfed in calcifying dust.
Polyphemus throws the death yak at you!
The death yak bellows!
The catoblepas gores you!
* * * LOW HITPOINT WARNING * * *
The death yak gores you.
* * * LOW HITPOINT WARNING * * *
The death yak gores you!
You die...

≈≈≈≈≈≈≈≈≈≈≈≈≈≈≈≈≈≈≈≈≈≈
#≈≈≈≈≈≈#######≈≈≈≈≈≈≈≈
≈≈≈≈≈≈###§§##........
#≈≈≈≈≈##.#.≈#........
#≈≈≈≈≈##≈.8.#........
#≈..≈≈#.)≈..+........
#≈≈...##.≈#.+........
###≈≈Y..#...≈.#........
#≈≈≈≈Y@Y###≈≈.#........
#≈≈≈≈≈YY##.##(#........
≈≈≈≈≈≈≈≈≈≈#######........
≈≈≈≈≈C≈≈≈≈...............
.≈≈≈≈≈≈≈≈≈........?......
.≈≈≈≈≈≈≈≈≈...............
..≈≈≈≈≈..................
..≈≈≈≈...................
........................


You could see Polyphemus, 4 death yaks and a catoblepas.

Vanquished Creatures
  Bai Suzhen (Shoals:3)
  Ilsuiw (Shoals:2)
  A fire dragon (Lair:6)
  6 merfolk impalers
  2 hydras
  4 merfolk avatars
  An anaconda (Lair:6)
  6 merfolk aquamancers
  3 death yaks (Lair:6)
  A thrashing horror (Abyss:3)
  Sonja (Lair:1)
  15 sea snakes
  A flayed ghost (Abyss:3)
  A phantasmal warrior (Abyss:3)
  A swamp dragon (Lair:6)
  22 harpies
  Pikel (D:8)
  An ugly thing (D:10)
  5 oklob plants
  A wolf spider (Lair:3)
  A cyclops (Lair:4)
  7 elephants
  4 fauns (Shoals:2)
  10 manticores
  8 merfolk sirens
  5 water nymphs
  3 black mambas
  2 smoke demons (Abyss:3)
  A torpor snail (Lair:2)
  A rust devil (Abyss:3)
  7 spiny frogs
  5 rime drakes
  8 komodo dragons
  2 jumping spiders (Lair:3)
  2 trolls
  29 merfolk
  A polar bear (Lair:2)
  5 wind drakes
  A hornet (D:10)
  11 dream sheep
  2 raiju (Abyss:3)
  7 snapping turtles
  8 hippogriffs
  3 water elementals
  A redback (Lair:3)
  25 yaks
  2 ynoxinuls (Abyss:3)
  A spriggan (Lair:6)
  A human (D:11)
  3 basilisks
  4 vampire mosquitoes
  2 hungry ghosts (D:8)
  2 neqoxecs (Abyss:3)
  2 steam dragons (Lair:6)
  11 water moccasins
  An acid dragon (Lair:6)
  Purgy (Sewer)
  4 orc warriors
  8 porcupines
  A black bear (D:10)
  A swamp drake (Lair:6)
  An ice beast (D:10)
  An eye of draining (D:10)
  3 ogres
  A phantom (D:3)
  3 necrophages
  2 sky beasts
  25 wolves
  A small abomination (Abyss:3)
  7 centaurs
  5 crocodiles
  2 big kobolds
  14 bullfrogs
  A spiny frog simulacrum (Abyss:3)
  A water moccasin zombie (D:8)
  A scorpion (D:4)
  4 wights (D:6)
  3 electric eels
  A crimson imp (D:9)
  2 bullfrog zombies
  3 quasits
  3 hounds
  4 jellies
  2 orc priests (D:10)
  4 bullfrog skeletons
  8 orc wizards
  An iron imp (Abyss:3)
  6 iguanas
  9 worker ants
  A killer bee zombie (D:8)
  2 hound skeletons
  3 gnolls (D:9)
  8 adders
  A shadow imp (D:8)
  13 oozes
  2 adder skeletons
  5 worms
  3 dart slugs
  5 leopard geckos
  32 orcs
  2 bats
  2 giant cockroaches (Sewer)
  7 goblins
  14 hobgoblins
  8 jackals
  5 quokkas
  2 ball pythons (D:4)
  7 frilled lizards
  16 kobolds
  A quokka skeleton (D:7)
  9 rats
  A plant (Shoals:2)
545 creatures vanquished.

Vanquished Creatures (others)
  A human (D:6)
  A giant cockroach (D:8)
  5 fungi (D:7)
  5 plants
12 creatures vanquished.

Grand Total: 557 creatures vanquished

Notes
Turn   | Place    | Note
-------+----------+-------------------------------------------
     0 | D:1      | Kairok the Vine Stalker Assassin began the quest for the
                  | Orb.
     0 | D:1      | Reached XP level 1. HP: 11/11 MP: 2/2
    59 | D:1      | Reached skill level 5 in Stealth
    63 | D:1      | Reached XP level 2. HP: 10/15 MP: 1/3
   591 | D:1      | Reached XP level 3. HP: 13/18 MP: 2/4
   733 | D:2      | Found a shattered altar of Ashenzari.
   857 | D:2      | Reached skill level 6 in Stealth
  1142 | D:2      | Gained mutation: Your natural rate of healing is unusually
                  | fast. [Vine Stalker growth]
  1142 | D:2      | Reached XP level 4. HP: 20/23 MP: 5/5
  1270 | D:2      | Reached skill level 1 in Dodging
  1594 | D:3      | Noticed a phantom
  1653 | D:3      | Killed a phantom
  1653 | D:3      | Reached skill level 1 in Armour
  1653 | D:3      | Reached XP level 5. HP: 15/27 MP: 6/6
  1717 | D:3      | Found a stormy altar of Qazlal.
  1717 | D:3      | Found a shimmering blue altar of Sif Muna.
  1970 | D:3      | Reached XP level 6. HP: 29/32 MP: 7/7
  2232 | D:4      | Found a transporter.
  2235 | D:4      | Noticed Kohma's ghost (amateur MiHu)
  2247 | D:4      | Found a transporter.
  2381 | D:4      | Found a glowing drain.
  2432 | Sewer    | Entered a sewer
  2441 | Sewer    | Noticed Purgy
  2459 | Sewer    | Killed Purgy
  2509 | Sewer    | Reached XP level 7. HP: 35/35 MP: 8/8
  3081 | D:5      | Entered Level 5 of the Dungeon
  3099 | D:5      | Reached skill level 7 in Stealth
  3250 | D:5      | Found a basalt altar of Yredelemnul.
  3407 | D:5      | Got a brightly glowing bone ring
  3416 | D:5      | Identified the ring "Uddustao" {rElec rC+ Str-2 Int+4
                  | Stlth+} (You found it on level 5 of the Dungeon)
  3427 | D:5      | Gained mutation: You have razor-sharp teeth. [Vine Stalker
                  | growth]
  3427 | D:5      | Reached XP level 8. HP: 31/40 MP: 9/9
  3459 | D:5      | Found a staircase to the Ecumenical Temple.
  3466 | Temple   | Entered the Ecumenical Temple
  3474 | Temple   | Became a worshipper of Warmaster Okawaru
  3880 | D:6      | Reached skill level 5 in Short Blades
  4032 | D:6      | Reached * piety under Okawaru
  4056 | D:6      | Found an ancient bone altar of Kikubaaqudgha.
  4140 | D:6      | Noticed a troll
  4150 | D:6      | Reached skill level 8 in Stealth
  4156 | D:6      | Killed a troll
  4156 | D:6      | Reached XP level 9. HP: 16/45 MP: 6/10
  4281 | D:6      | Reached ** piety under Okawaru
  4551 | D:6      | Found a runed translucent gate.
  4551 | D:6      | Found a runed translucent gate.
  4552 | D:6      | Found a runed translucent gate.
  4553 | D:6      | Found an opulent altar of Gozag.
  4554 | D:6      | Noticed Fingolfin's ghost (amateur DECj)
  4556 | D:6      | Noticed a manticore
  4839 | D:7      | Found a hide-covered altar of Uskayaw.
  5432 | D:7      | Noticed an oklob plant
  6050 | D:8      | Got a smelly leather armour
  6083 | D:8      | Identified the +1 leather armour of Democracy {rC- rN+
                  | Regen+ Int+3} (You found it on level 8 of the Dungeon)
  6118 | D:8      | Noticed Pikel
  6231 | D:8      | Reached skill level 5 in Dodging
  6384 | D:8      | Reached *** piety under Okawaru
  6496 | D:8      | Found a staircase to the Lair.
  6552 | D:8      | Reached skill level 5 in Fighting
  6647 | D:8      | Killed Pikel
  6647 | D:8      | Reached skill level 9 in Stealth
  6647 | D:8      | Reached XP level 10. HP: 41/51 MP: 11/11
  7244 | D:9      | Found a staircase to the Orcish Mines.
  7499 | D:9      | Found Zufedyo's Armour Shop.
  7554 | D:9      | Bought the +0 helmet "Acywigud" {rPois Dex+2} for 238 gold
                  | pieces
  7931 | D:10     | Entered Level 10 of the Dungeon
  8146 | D:10     | Reached **** piety under Okawaru
  8187 | D:10     | Noticed a purple ugly thing
  8215 | D:10     | Killed a purple ugly thing
  8334 | D:10     | Found Qyhadyle's Antique Weapon Boutique.
  8337 | D:10     | Bought a runed short sword for 180 gold pieces
  8597 | D:10     | Reached ***** piety under Okawaru
  8597 | D:10     | Reached skill level 1 in Evocations
  8597 | D:10     | Reached XP level 11. HP: 42/56 MP: 12/12
  8793 | D:11     | Noticed a deep elf mage
  8809 | D:10     | Reached skill level 10 in Stealth
  8809 | D:10     | Reached skill level 1 in Invocations
  8888 | Lair:1   | Entered Level 1 of the Lair of Beasts
  9004 | Lair:1   | Noticed an eight-headed hydra
  9014 | Lair:1   | Noticed Sonja
  9399 | Lair:1   | Received a gift from Okawaru
  9431 | Lair:1   | Cast into level 2 of the Abyss (Sonja)
  9518 | Abyss:2  | Noticed a profane servitor
  9537 | Abyss:2  | Noticed a sixfirhy
  9557 | Abyss:2  | HP: 1/58 [sixfirhy (8)]
  9584 | Abyss:3  | Noticed a starcursed mass
  9595 | Abyss:3  | Noticed a flayed ghost
  9616 | Abyss:3  | Killed a flayed ghost
  9646 | Abyss:3  | Noticed a starcursed mass
  9674 | Abyss:3  | Noticed a thrashing horror
  9712 | Abyss:3  | Received a gift from Okawaru
  9737 | Abyss:3  | Killed a thrashing horror
  9773 | Abyss:3  | Noticed a sun demon
  9782 | Abyss:3  | Noticed a bone dragon
  9783 | Abyss:3  | Noticed a salamander
  9809 | Abyss:3  | Noticed a rakshasa
  9818 | Abyss:3  | Noticed a death knight
  9881 | Abyss:3  | Noticed a lich
  9899 | Abyss:3  | Noticed a Brimstone Fiend
  9951 | Abyss:3  | Identified a scroll of acquirement
  9953 | Abyss:3  | Gained mutation: You have large cloven feet. [potion of
                  | mutation]
  9953 | Abyss:3  | Gained mutation: Your spells are a little harder to cast,
                  | but a little more powerful. [potion of mutation]
  9953 | Abyss:3  | Gained mutation: You have supernaturally acute eyesight.
                  | (SInv) [potion of mutation]
  9953 | Abyss:3  | Gained mutation: You are surrounded by a mild repulsion
                  | field. (EV +2) [potion of mutation]
 10031 | Abyss:3  | Noticed a large abomination
 10034 | Abyss:3  | Noticed a large abomination
 10049 | Abyss:3  | Received a gift from Okawaru
 10076 | Abyss:3  | Noticed a tentacled starspawn
 10130 | Abyss:3  | Noticed a worldbinder
 10154 | Abyss:3  | Noticed an unseen horror
 10157 | Abyss:3  | Noticed a wretched star
 10229 | Abyss:3  | Noticed a tentacled starspawn
 10238 | Abyss:3  | Noticed a starcursed mass
 10275 | Abyss:3  | Gained mutation: You heal very quickly. [Vine Stalker
                  | growth]
 10275 | Abyss:3  | Reached XP level 12. HP: 63/63 MP: 14/14
 10344 | Abyss:3  | Noticed a tentacled starspawn
 10386 | Abyss:3  | Reached skill level 5 in Armour
 10398 | Lair:1   | Escaped the Abyss
 10406 | Lair:1   | Killed Sonja
 10406 | Lair:1   | Reached skill level 11 in Stealth
 10579 | Lair:1   | Killed an eight-headed hydra
 11598 | Lair:3   | Reached skill level 12 in Stealth
 11696 | Lair:3   | Received a gift from Okawaru
 11856 | Lair:3   | Found a hole to the Spider Nest.
 12069 | Lair:3   | Reached skill level 10 in Short Blades
 12481 | Lair:4   | Found a staircase to the Shoals.
 12499 | Lair:4   | Reached skill level 13 in Stealth
 12507 | Lair:4   | Reached XP level 13. HP: 56/68 MP: 13/16
 13769 | Lair:5   | Reached skill level 14 in Stealth
 13775 | Lair:5   | Received a gift from Okawaru
 14095 | Lair:6   | Entered Level 6 of the Lair of Beasts
 14095 | Lair:6   | Found a staircase to the Slime Pits.
 14339 | Lair:6   | Got a slimy iron ring
 14341 | Lair:6   | Identified the ring "Ishrischir" {MP+9 Int+3} (You found it
                  | on level 6 of the Lair of Beasts)
 14362 | Lair:6   | Reached skill level 1 in Shields
 14430 | Lair:6   | Reached skill level 15 in Stealth
 14828 | Lair:6   | Noticed a fire dragon
 14858 | Lair:6   | Killed a fire dragon
 14862 | Lair:6   | Reached XP level 14. HP: 62/74 MP: 17/17
 14968 | Lair:6   | Received a gift from Okawaru
 14990 | Lair:6   | Reached skill level 16 in Stealth
 15715 | Shoals:1 | Entered Level 1 of the Shoals
 15864 | Shoals:1 | Received a gift from Okawaru
 15896 | Shoals:1 | Found a sparkling altar of Nemelex Xobeh.
 15918 | Shoals:1 | Reached ****** piety under Okawaru
 15952 | Shoals:1 | Received a gift from Okawaru
 15965 | Shoals:1 | Upgraded the game from 0.24-a0-725-gf1a930fc54 to
                  | 0.24-a0-736-g4e6fe308c7
 16066 | Shoals:1 | Reached skill level 10 in Dodging
 16218 | Shoals:1 | Received a gift from Okawaru
 16657 | Shoals:2 | Noticed Ilsuiw
 16698 | Shoals:2 | Reached skill level 5 in Shields
 16730 | Shoals:2 | Killed Ilsuiw
 16948 | Shoals:2 | Reached skill level 17 in Stealth
 16976 | Shoals:2 | Received a gift from Okawaru
 16976 | Shoals:2 | Reached XP level 15. HP: 69/80 MP: 13/18
 17420 | Shoals:3 | Noticed Bai Suzhen
 17549 | Shoals:3 | Received a gift from Okawaru
 17784 | Shoals:3 | Reached skill level 10 in Fighting
 17944 | Shoals:3 | Killed Bai Suzhen
 18115 | Shoals:4 | Entered Level 4 of the Shoals
 18201 | Shoals:4 | Found a large runed translucent door.
 18201 | Shoals:4 | Found a large runed translucent door.
 18231 | Shoals:4 | Received a gift from Okawaru
 18288 | Shoals:4 | Reached skill level 18 in Stealth
 18301 | Shoals:4 | Got a twisted scale mail {god gift}
 18312 | Shoals:4 | Identified the +6 scale mail of Okawaru {+Fly} (Okawaru
                  | gifted it to you on level 4 of the Shoals)
 18347 | Shoals:4 | Noticed feelmyfire's ghost (adept DgTm)
 18494 | Shoals:4 | Noticed a frost giant
 18617 | Shoals:4 | Reached XP level 16. HP: 85/85 MP: 19/19
 18784 | Shoals:4 | Got a scintillating brass ring
 18786 | Shoals:4 | Identified the ring of Jokicuj {*Tele rF+++ rN+ Int-4} (You
                  | found it on level 4 of the Shoals)
 18917 | Shoals:4 | Noticed Polyphemus
 18930 | Shoals:4 | HP: 4/85 [death yak[Polyphemus] (1)]
 18930 | Shoals:4 | Slain by a death yak

Levels and vault maps discovered:
D:1:      dpeg_arrival_short_road, layout_basic, minmay_pentomino_q4
D:2:      layout_loops_ring, ashenzari_altar_1
D:3:      layout_basic, chequers_temple_overflow_statue_of_worship, minivault_11
D:4:      minmay_evil_eye, layout_basic, cheibrodos_sewer_entry_drain,
          first_ration, gammafunk_ghost_stat_death
D:5:      layout_loops_cross, kennysheep_little_box, minmay_temple_entry_trees,
          minmay_misc_feat_more_columns, minmay_manual_mail
D:6:      layout_loops_ring, ebering_ghost_gozag, tgw_kikubaaqudgha
D:7:      lemuel_slime, layout_basic, old_standard_altar
D:8:      layout_cave_pods, lair_entry_dummy, uniq_pikel
D:9:      layout_loops_corners, orc_david_3
D:10:     layout_cave_pools, serial_shops, kennysheep_mini
D:11:     layout_irregular_city, serial_glass, glass_columns_a, glass_columns_b,
          hangedman_stone_soup
Temple:   eino_narrow_crystal_temple
Lair:1:   layout_small_grid, grunt_forest_large_clearings, uniq_sonja
Lair:2:   layout_hall_layers, guppyfry_lair_drakes
Lair:3:   layout_hall_layers, spider_nest_entry_funnel_web, serial_bayou,
          serial_bayou_pond_e, serial_bayou_lagoon_a, serial_bayou_pond_c,
          serial_bayou_pond_c, serial_bayou_pond_a, serial_bayou_pond_c
Lair:4:   dpeg_oklob_gauntlet, layout_gridlike, minmay_shoals_entry_beasts,
          serial_forest, infiniplex_forest_zigzag_1, infiniplex_forest_diagonal,
          infiniplex_forest_zigzag_1, infiniplex_forest_clump_long,
          infiniplex_forest_end_2, infiniplex_forest_zigzag_1,
          infiniplex_forest_lined_3, infiniplex_staircase_pool
Lair:5:   layout_cave_pods, lemuel_fruit_tree
Lair:6:   guppyfry_lair_end_dragon, layout_misc_corridors, slime_dummy,
          grunt_forest_large_clearing_hut, infiniplex_staircase_pool_2,
          lemuel_fruit_fields, minmay_lair_oklob_chamber, serial_bayou_shore_a
Shoals:1: layout_shoals, lemuel_altar_in_water
Shoals:2: layout_shoals, uniq_ilsuiw
Shoals:3: layout_shoals, nicolae_shoals_aquamancer_cove, uniq_bai_suzhen
Shoals:4: shoals_end_grunt_ice, layout_shoals, shoal_ilsuiw,
          ebering_ghost_disaster_area, uniq_polyphemus

Skill      XL: |  1  2  3  4  5  6  7  8  9 10 11 12 13 14 15 |
---------------+----------------------------------------------+-----
Fighting       | 2 3 4 5 7 8 9 10 | 10.3
Stealth        | 5 6 7 8 9 10 13 15 17 18 | 18.0
Short Blades   | 2 3 4 5 7 8 9 10 11 | 11.4
Dodging        | 1 2 4 5 6 8 9 10 11 | 11.3
Armour         | 1 2 3 4 5 6 |  6.1
Throwing       | 2 |  2.7
Evocations     | 1 |  1.4
Invocations    | 2 3 |  3.4
Shields        | 2 5 8 |  8.4

Action                   |  1- 3 |  4- 6 |  7- 9 | 10-12 | 13-15 | 16-18 || total
-------------------------+-------+-------+-------+-------+-------+-------++-------
Melee: Dagger            |    94 |   193 |   553 |   240 |       |       ||  1080
       Bite              |    27 |    54 |   192 |   469 |   766 |    39 ||  1547
       Short sword       |       |       |       |   380 |       |       ||   380
       Punch             |       |       |       |    10 |       |       ||    10
       Quick blade       |       |       |       |   302 |  1320 |    53 ||  1675
       Kick              |       |       |       |   160 |    35 |       ||   195
Throw: Dart              |       |     2 |       |    12 |       |       ||    14
       Javelin           |       |       |       |       |     1 |       ||     1
Invok: Heroism           |       |       |       |    18 |    16 |     1 ||    35
       Finesse           |       |       |       |     3 |       |       ||     3
Evoke: Wand              |       |       |     4 |    10 |       |       ||    14
  Use: Scroll            |     4 |     4 |     5 |    18 |    10 |     3 ||    44
       Potion            |     4 |     1 |       |     1 |     1 |       ||     7
 Stab: Sleeping          |     4 |    10 |    14 |    20 |    34 |     2 ||    84
       Distracted        |       |       |     1 |     3 |     4 |       ||     8
  Eat: Chunk             |       |     5 |     7 |    11 |     2 |       ||    25
       Ration            |       |       |     3 |     2 |     6 |       ||    11
Armor: Ring mail         |    22 |    67 |       |       |       |       ||    89
       Troll leather arm |       |       |   157 |   205 |    80 |    10 ||   452
       Acid dragon scale |       |       |       |       |     2 |       ||     2
Dodge: Dodged            |    35 |    87 |   334 |   984 |   606 |    17 ||  2063
Block: Large shield      |       |       |       |       |   619 |    22 ||   641

Table legend:
 A = Non-vault XP
 B = Vault XP
 C = Vault XP percentage of total XP
 D = Non-vault monster count
 E = Vault monster count
 F = Vault count percentage of total count
                 A         B        C        D         E       F
            +---------+---------+-------+---------+---------+-------
      Total |   94198 |   38111 |  28.8 |     411 |     133 |  24.4
            +---------+---------+-------+---------+---------+-------
        D:1 |      24 |      10 |  29.4 |      14 |       4 |  22.2
        D:2 |      72 |       0 |   0.0 |      25 |       0 |   0.0
        D:3 |     247 |       0 |   0.0 |      26 |       0 |   0.0
        D:4 |     149 |     106 |  41.6 |       8 |       8 |  50.0
        D:5 |     415 |     119 |  22.3 |      10 |       3 |  23.1
        D:6 |    1444 |       7 |   0.5 |      25 |       1 |   3.8
        D:7 |     600 |     159 |  20.9 |      11 |      13 |  54.2
        D:8 |     745 |     641 |  46.2 |      16 |       1 |   5.9
        D:9 |    1456 |     154 |   9.6 |      29 |       7 |  19.4
       D:10 |    2836 |     124 |   4.2 |      27 |       1 |   3.6
       D:11 |       0 |     200 | 100.0 |       0 |       1 | 100.0
     Lair:1 |    3284 |    3642 |  52.6 |      12 |      25 |  67.6
     Lair:2 |    3037 |     838 |  21.6 |      12 |       3 |  20.0
     Lair:3 |    3855 |    1364 |  26.1 |      18 |       4 |  18.2
     Lair:4 |    1962 |    1826 |  48.2 |      11 |       4 |  26.7
     Lair:5 |    6690 |       0 |   0.0 |      26 |       0 |   0.0
     Lair:6 |    9448 |    7453 |  44.1 |      24 |      23 |  48.9
   Shoals:1 |   16722 |       0 |   0.0 |      29 |       0 |   0.0
   Shoals:2 |   14788 |    4346 |  22.7 |      31 |       6 |  16.2
   Shoals:3 |   15094 |    9764 |  39.3 |      30 |       6 |  16.7
   Shoals:4 |    6235 |    7116 |  53.3 |      12 |      17 |  58.6
    Abyss:3 |    5095 |       0 |   0.0 |      15 |       0 |   0.0
      Sewer |       0 |     242 | 100.0 |       0 |       6 | 100.0
            +---------+---------+-------+---------+---------+-------
